 Dungeon Crawl Stone Soup version 0.29-a0-322-g68df515428 (webtiles) character file.

Game seed: 7667757015517423605

26 Cecur the Slasher (level 2, 0/22 HPs)
             Began as a Demonspawn Gladiator on Apr 9, 2022.
             Was a Believer of Lugonu.
             Slain by a kobold
             ... wielding a +0 club
              (2 damage)
             ... on level 2 of the Dungeon.
             The game lasted 00:00:56 (1148 turns).

Cecur the Slasher (Demonspawn Gladiator)            Turns: 1148, Time: 00:00:56

Health: 0/22       AC:  4    Str: 14    XL:     2   Next: 89%
Magic:  2/2        EV: 12    Int:  9    God:    Lugonu [**....]
Gold:   52         SH:  0    Dex: 14    Spells: 1/1 levels left

rFire   . . .      SeeInvis .   a - +0 long sword
rCold   . . .      Faith    .   (no shield)
rNeg    . . .      Spirit   .   b - +0 leather armour
rPois   .          Reflect  .   c - +0 helmet
rElec   .          Harm     .   (no cloak)
rCorr   .          Rampage  .   (no gloves)
Will    .....                   (no boots)
Stlth   +.........              (no amulet)
HPRegen 0.07/turn               (no ring)
MPRegen 0.08/turn               (no ring)

@: no status effects
A: foul stench 1
a: Renounce Religion, Depart the Abyss, Bend Space


You were on level 2 of the Dungeon.
You worshipped Lugonu.
Lugonu was pleased with you.
You visited 1 branch of the dungeon, and saw 2 of its levels.

You collected 52 gold pieces.

Inventory:

Hand Weapons
 a - a +0 long sword (weapon)
Missiles
 d - 3 throwing nets (quivered)
 e - 5 javelins
Armour
 b - a +0 leather armour (worn)
 c - a +0 helmet (worn)
Scrolls
 f - 4 scrolls of identify {unknown}
Potions
 g - a potion of curing {unknown}


   Skills:
 + Level 2.2 Fighting
 + Level 3.2 Long Blades
 + Level 1.9 Throwing
 + Level 3.0 Dodging


You had one spell level left.
You didn't know any spells.
Your spell library contained the following spells:

 Spells                   Type           Power      Damage    Failure   Level
 Ensorcelled Hibernation  Hex/Ice        0%         N/A       61%         2
 Passwall                 Tmut/Erth      0%         N/A       61%         2
 Swiftness                Air            0%         N/A       83%         3


Dungeon Overview and Level Annotations

Branches:
Dungeon (2/15)

Altars:
Lugonu


Innate Abilities, Weirdness & Mutations

You may rarely emit foul miasma when damaged in melee.


Message History

The kobold closely misses you.
The goblin is engulfed in dark miasma.
The goblin is poisoned.
You kill the goblin!
Lugonu accepts your kill. The kobold closely misses you.
The kobold barely misses you. The kobold hits you but does no damage.
The kobold misses you. The kobold barely misses you.
The kobold barely misses you. The kobold hits you with a +0 club.
The kobold closely misses you. The quokka closely misses you.
The kobold hits you with a +0 club. The quokka misses you.
The kobold hits you with a +0 club. The quokka misses you.
The quokka misses you. The kobold hits you but does no damage.
The quokka misses you. The kobold closely misses you. The quokka bites you.
The kobold barely misses you. The quokka closely misses you.
The kobold hits you but does no damage. The quokka closely misses you.
The kobold closely misses you. The quokka closely misses you.
The quokka bites you but does no damage.
The kobold closely misses you. The quokka closely misses you.
The kobold hits you but does no damage. The quokka closely misses you.
The kobold hits you with a +0 club. The quokka bites you.
The kobold hits you but does no damage. The quokka misses you.
The kobold hits you but does no damage. The quokka closely misses you.
The quokka misses you. The kobold hits you but does no damage.
The quokka bites you but does no damage.
The kobold hits you with a +0 club.
* * * LOW HITPOINT WARNING * * *
The quokka bites you but does no damage.
The kobold hits you but does no damage. The quokka barely misses you.
The kobold hits you with a +0 club.
* * * LOW HITPOINT WARNING * * *
The quokka bites you.
* * * LOW HITPOINT WARNING * * *
The kobold hits you with a +0 club.
You die...

#..(....#
#.......#
#.......#
##.....##
##.....##
##.......#
##........#
#.........#
#@##.....##
#Kr###....#
#|)##
####†# ...#
#.#######
#..#
#........
#..
##..######
.. #.<.#
### #..#..#
#..# #.#


You could see a quokka and a kobold.

Vanquished Creatures
  A dart slug (D:1)
  An endoplasm (D:1)
  2 giant cockroaches (D:1)
  5 goblins
  2 hobgoblins (D:1)
  2 ball pythons
  2 bats (D:1)
  3 frilled lizards
  2 kobolds (D:1)
  3 rats (D:1)
23 creatures vanquished.

Notes
Turn   | Place    | Note
-------+----------+-------------------------------------------
     0 | D:1      | Cecur the Demonspawn Gladiator began the quest for the Orb.
     0 | D:1      | Reached XP level 1. HP: 16/16 MP: 1/1
   239 | D:1      | Gained mutation: You may rarely emit foul miasma when
                  | damaged in melee. [demonic ancestry]
   239 | D:1      | Reached XP level 2. HP: 22/22 MP: 2/2
   870 | D:1      | Found a faded altar of an unknown god.
   875 | D:1      | Prayed at the altar of an unknown god.
   875 | D:1      | Became a worshipper of Lugonu the Unformed
   875 | D:1      | Reached * piety under Lugonu
   875 | D:1      | Reached ** piety under Lugonu
  1148 | D:2      | Slain by a kobold

Illustrated notes

Levels and vault maps discovered:
D:1:      minmay_arrival_stair_chambers, layout_loops_corners,
          ebering_ecumenical_altar_hall
D:2:      layout_rooms, serial_shops, nicolae_shop_bloodbath_and_beyond

Skill      XL: |  1  2 |
---------------+-------+-----
Long Blades    | 3 |  3.2
Dodging        | 3 |  3.0
Fighting       | |  2.2
Throwing       | |  1.9

Action                   || total
-------------------------++-------
Melee: Long sword        ||    51
Armor: Leather armour    ||    26
Dodge: Dodged            ||    64

Table legend: (Time is in decaauts)
 A = Elapsed time spent in this place.
 B = Non-inter-level travel time spent in this place.
 C = Inter-level travel time spent in this place.
 D = Time resting spent in this place.
 E = Time spent auto-exploring this place.
 F = Levels seen in this place.
 G = Mean time per level.
                   A        B        C        D        E       F      G
               +--------+--------+--------+--------+--------+-----+--------+
         Total |   1160 |   1124 |     36 |      0 |    936 |   2 |  580.0 |
       Dungeon |   1160 |   1124 |     36 |      0 |    936 |   2 |  580.0 |
               +--------+--------+--------+--------+--------+-----+--------+

Top non-repeatable levels by time:
     D:1: 1056 daAuts
     D:2: 104 daAuts
